 Dungeon Crawl Stone Soup version 0.28-a0-1616-g050a50673c (webtiles) character file.

Game seed: 4052467378451782462

36538 issech the Basher (level 13, -5/131 HPs)
             Began as a Troll Berserker on Jan 23, 2022.
             Was a High Priest of Trog.
             Slain by Frances (23 damage)
             ... on level 13 of the Dungeon.
             The game lasted 01:20:27 (14591 turns).

issech the Basher (Troll Berserker)                Turns: 14591, Time: 01:20:27

Health: -5/131     AC: 10    Str: 28    XL:     13   Next: 53%
Magic:  22/22      EV: 13    Int:  7    God:    Trog [*****.]
Gold:   896        SH:  0    Dex: 13    Spells: 12/12 levels left

rFire   + + +      SeeInvis .   o - +6 mace of Kismet {venom, rPois rF+++ Str-4}
rCold   . . .      Faith    .   (no shield)
rNeg    . . .      Spirit   .   R - +0 troll leather armour
rPois   +          Reflect  .   l - +0 hat of Compression {rElec Will+ Str+2 Int+4}
rElec   +          Harm     .   L - scarf {shadows}
rCorr   .          Rampage  .   (gloves unavailable)
Will    +....                   (boots unavailable)
Stlth   ++........              Z - amulet of regeneration
HPRegen 2.71/turn               u - +4 ring of protection
MPRegen 0.18/turn               s - ring "Leof" {rPois MP+9 Str+2}

@: spiked, on berserk cooldown, slowed, studying Crossbows, very slow
A: large, unfitting armour, claws 3, regeneration 1, shaggy fur 1, tough skin 1
a: Renounce Religion, Berserk, Trog's Hand, Brothers in Arms


You were on level 13 of the Dungeon.
You worshipped Trog.
Trog was extremely pleased with you.
You visited 2 branches of the dungeon, and saw 14 of its levels.

You collected 896 gold pieces.

Inventory:

Hand Weapons
 a - a +3 antimagic lajatang
 o - the +6 mace of Kismet (weapon) {venom, rPois rF+++ Str-4}
   (You found it on level 2 of the Dungeon)

   It poisons the flesh of those it strikes.
   Str:       It affects your strength (-4).
   rF:        It renders you almost immune to fire.
   rPois:     It protects you from poison.
 C - a +1 flail of draining
 D - a +0 shortbow of flaming
 J - a +2 flail of electrocution
 X - a +3 spear of venom
 Y - a +0 arbalest of freezing
Missiles
 d - 334 arrows
 e - 30 poisoned darts
 h - 11 boomerangs
 m - 269 stones
 t - 86 sling bullets
 B - 102 bolts
 I - 5 javelins
 K - a curare-tipped dart
 O - 11 large rocks (quivered)
Armour
 l - the +0 hat of Compression (worn) {rElec Will+ Str+2 Int+4}
   (You acquired it on level 3 of the Dungeon)

   Str:       It affects your strength (+2).
   Int:       It affects your intelligence (+4).
   rElec:     It insulates you from electricity.
   Will:      It increases your willpower.
 q - a +2 robe of fire resistance
 L - a scarf of shadows (worn)
 R - a +0 troll leather armour (worn)
Jewellery
 s - the ring "Leof" (right claw) {rPois MP+9 Str+2}
   (You took it off a centaur warrior on level 13 of the Dungeon)

   [ring of magical power]

   Str:       It affects your strength (+2).
   rPois:     It protects you from poison.
   MP:        It affects your magic capacity (+9).
 u - a +4 ring of protection (left claw)
 P - a ring of poison resistance
 S - a ring of see invisible
 Z - an amulet of regeneration (around neck)
Wands
 i - a wand of mindburst (14)
 y - a wand of paralysis (5)
 E - a wand of polymorph (7)
 F - a wand of charming (8)
 N - a wand of flame (38)
 U - a wand of acid (6)
Scrolls
 c - 3 scrolls of enchant weapon
 f - 6 scrolls of enchant armour
 g - 4 scrolls of fog
 r - 3 scrolls of vulnerability
 v - a scroll of blinking
 w - 4 scrolls of magic mapping
 x - a scroll of identify
 A - 7 scrolls of teleportation
 M - a scroll of immolation
 Q - 2 scrolls of fear
 W - a scroll of summoning
Potions
 j - 2 potions of attraction
 k - 3 potions of lignification
 n - 6 potions of curing
 p - 4 potions of ambrosia
 z - a potion of invisibility
 G - 2 potions of resistance
 H - 2 potions of brilliance
 T - a potion of heal wounds
 V - a potion of mutation
Miscellaneous
 b - a piece from Xom's chessboard (15/15)


   Skills:
 + Level 9.4 Fighting
 + Level 1.3(1.8) Short Blades
 + Level 1.8(2.1) Long Blades
 + Level 1.3(8.1) Axes
 + Level 13.4(13.5) Maces & Flails
 + Level 1.3(2.0) Polearms
 + Level 1.3(8.1) Staves
 + Level 1.1(2.6) Slings
 + Level 1.4 Bows
 + Level 1.8 Crossbows
 + Level 5.0(5.1) Throwing
 + Level 3.4 Armour
 + Level 9.1 Dodging
 + Level 3.3 Stealth
 + Level 1.3 Shields
 + Level 1.7 Unarmed Combat
 + Level 1.5 Invocations
 + Level 1.2 Evocations


You had 12 spell levels left.
You didn't know any spells.
Your spell library contained the following spells:

 Spells                   Type           Power      Damage    Failure   Level
 Shock                    Conj/Air       0%         1d3       45%         1
 Sublimation of Blood     Necr           0%         N/A       61%         2
 Mephitic Cloud           Conj/Pois/Air  0%         N/A       83%         3
 Swiftness                Air            0%         N/A       83%         3
 Airstrike                Air            0%         N/A       99%         4
 Fulminant Prism          Conj/Hex       0%         3d6       99%         4
 Petrify                  Tmut/Erth      0%         N/A       99%         4
 Irradiate                Conj/Tmut      0%         3d13      100%        5
 Iskenderun's Battlesphe  Conj           0%         2d6       100%        5
 Metabolic Englaciation   Hex/Ice        0%         N/A       100%        5
 Statue Form              Tmut/Erth      0%         N/A       100%        6


Dungeon Overview and Level Annotations

Branches:
Dungeon (13/15)            Temple (1/1) D:7            Lair (0/6) D:10
    Orc (0/2) D:9
 Vaults: D:13-14

Altars:
Ashenzari
Cheibriados
Dithmenos
Elyvilon
Fedhas
Gozag
Hepliaklqana
Kikubaaqudgha
Makhleb
Nemelex Xobeh
Okawaru
Qazlal
Ru
Sif Muna
Trog
Uskayaw
Vehumet
Wu Jian
Xom
Yredelemnul
Zin
The Shining One

Shops:
D:7 (   D:9 [[   D:10 ?   D:11 ([:*   D:12 *

Annotations:
D:13 Frances


Innate Abilities, Weirdness & Mutations

You are too large for most types of armour.
You have claws for hands.
Your natural rate of healing is unusually fast.
You are covered in fur. (AC +1)
You have tough skin. (AC +1)


Message History

You kill the red devil!
The red devil disappears in a puff of smoke!
You are too berserk!
The barbs in your skin will harm you if you move.
Continue?
Okay, then.
You are too berserk!
Unknown command.
Frances barely misses you.
Frances screams a word of power!
You completely miss the sixfirhy. You thump the sixfirhy!
The sixfirhy looks as sick as possible!
The sixfirhy is moderately wounded.
Frances hits you from afar with a +0 halberd!
* * * LOW HITPOINT WARNING * * *
You sock the sixfirhy!
The sixfirhy looks as sick as possible!
The sixfirhy is severely wounded.
The sixfirhy hits you!
* * * LOW HITPOINT WARNING * * *
The sixfirhy shocks you. You resist.
* * * LOW HITPOINT WARNING * * *
Frances hits you but does no damage. The sixfirhy closely misses you.
You bludgeon the sixfirhy!!
You kill the sixfirhy!
The sixfirhy disappears in a puff of smoke!
You are too berserk!
The barbs in your skin will harm you if you move.
Continue?
Okay, then.
Unknown command.
Frances completely misses you.
You feel a strong urge to attack something.
Frances hits you from afar with a +0 halberd!
* * * LOW HITPOINT WARNING * * *
The barbs in your skin will harm you if you move.
Continue?
Okay, then.
Unknown command.
You are no longer berserk.
You are exhausted.
You feel yourself slow down.
Frances hits you from afar with a +0 halberd!!
You die...

.. #..#....)#.'..........#
.##..##.#..###..........#
#.#..#.#.#.# #######+####
.##.#..#.##..# .#
#..........#.# .#
###.#..#)####### .#
...............# .#
...............#######.#####
###.#..#.#####..@.@34.((...#
#..........#.########<###
.##.#..#.##..# #.#
#.#.#.)#.#.#.# #)#
.#.##..##.#..# #)#
....#..#.....# ##)#
#####..####### #..# #..#
#.###### #)## #.......


You could see Frances (fast), a soul eater (summoned) and a rust devil
(summoned).

Vanquished Creatures
  An ogre mage (D:13)
  A centaur warrior (D:13)
  2 boulder beetles
  A catoblepas (D:13)
  3 hydras (D:11)
  8 two-headed ogres
  Nergalle (D:10)
  5 skeletal warriors
  Pikel (D:7)
  A manticore (D:12)
  4 cyclopes
  Joseph (D:7)
  The ghost of Cancer the Digger, a novice GrEE of Vehumet (D:5)
  A gargoyle (D:13)
  4 centaur skeletons (D:13)
  2 kobold demonologists
  A queen bee (D:10)
  3 trolls (D:12)
  A hornet (D:10)
  12 slime creatures
  A water elemental (D:12)
  Sigmund (D:3)
  A wraith (D:9)
  A shadow (D:11)
  A wyvern (D:9)
  9 yaks
  A steam dragon (D:9)
  9 vampire mosquitoes
  An acid dragon (D:12)
  An ice beast (D:4)
  A black bear (D:6)
  6 orc warriors
  2 sky beasts
  A necrophage (D:5)
  4 ogres
  9 centaurs
  3 kobold brigands
  4 lemures (D:7)
  Blork the orc (D:4)
  A bullfrog (D:7)
  2 gnoll sergeants
  4 scorpions
  29 killer bees
  5 wights
  3 howler monkeys
  3 electric eels
  7 centaur zombies
  5 orc priests
  A gnoll shaman (D:6)
  2 jellies
  3 bullfrog skeletons (D:5)
  A hound (D:5)
  An iguana (D:5)
  14 orc wizards
  A killer bee zombie (D:7)
  A hound zombie (D:5)
  Robin (D:3)
  11 gnolls
  6 adders
  A shadow imp (D:5)
  4 white imps
  A worm (D:3)
  2 dart slugs
  27 orcs
  5 ball pythons
  5 endoplasms
  2 giant cockroaches
  9 goblins
  10 hobgoblins
  6 jackals
  3 quokkas
  7 bats
  3 frilled lizards
  10 kobolds
  7 rats
314 creatures vanquished.

Vanquished Creatures (others)
  A shadow (D:8)
1 creature vanquished.

Grand Total: 315 creatures vanquished

Notes
Turn   | Place    | Note
-------+----------+-------------------------------------------
     0 | D:1      | issech the Troll Berserker began the quest for the Orb.
     0 | D:1      | Reached XP level 1. HP: 22/22 MP: 0/0
    83 | D:1      | Reached XP level 2. HP: 29/29 MP: 1/1
   119 | D:1      | Reached skill level 3 in Maces & Flails
   679 | D:2      | Reached ** piety under Trog
   680 | D:2      | Reached XP level 3. HP: 34/36 MP: 2/2
   986 | D:2      | Found a faded altar of an unknown god.
  1009 | D:2      | Reached XP level 4. HP: 40/44 MP: 3/3
  1013 | D:2      | Identified the +6 mace of Kismet {venom, rPois rF+++ Str-4}
  1615 | D:3      | Noticed Robin
  1622 | D:3      | Killed Robin
  1692 | D:3      | Found a shimmering altar of Xom.
  1694 | D:3      | Noticed Sigmund
  1712 | D:3      | Killed Sigmund
  1713 | D:3      | Reached skill level 4 in Maces & Flails
  1713 | D:3      | Reached XP level 5. HP: 48/53 MP: 4/4
  1713 | D:3      | Reached XP level 6. HP: 55/61 MP: 5/5
  1820 | D:3      | Reached *** piety under Trog
  1827 | D:3      | Reached skill level 5 in Maces & Flails
  2123 | D:3      | Identified a scroll of acquirement
  2123 | D:3      | Acquired the +0 hat of Compression {rElec Will+ Str+2
                  | Int+4}
  2146 | D:4      | Noticed Blork the orc
  2157 | D:4      | HP: 3/61 [Blork the orc (2)]
  2236 | D:4      | Killed Blork the orc
  2424 | D:4      | Noticed a two-headed ogre
  2434 | D:4      | Reached XP level 7. HP: 67/67 MP: 6/6
  2438 | D:4      | Killed a two-headed ogre
  2439 | D:4      | Reached skill level 6 in Maces & Flails
  2439 | D:4      | Reached skill level 1 in Stealth
  2439 | D:4      | Reached XP level 8. HP: 78/78 MP: 7/7
  2708 | D:5      | Entered Level 5 of the Dungeon
  2712 | D:5      | Reached skill level 7 in Maces & Flails
  2920 | D:5      | Reached skill level 1 in Throwing
  3031 | D:5      | Found a stormy altar of Qazlal.
  3076 | D:5      | Found a runed translucent gate.
  3078 | D:5      | Found a runed translucent gate.
  3078 | D:5      | Found an opulent altar of Gozag.
  3078 | D:5      | Found a runed translucent gate.
  3106 | D:5      | Noticed Cancer's ghost (novice GrEE)
  3106 | D:5      | Noticed a two-headed ogre
  3143 | D:5      | Found a sacrificial altar of Ru.
  3149 | D:5      | Found a shadowy altar of Dithmenos.
  3155 | D:5      | Found a burning altar of Makhleb.
  3366 | D:4      | Killed a two-headed ogre
  3367 | D:4      | Reached skill level 8 in Maces & Flails
  3367 | D:4      | Reached XP level 9. HP: 28/87 MP: 8/8
  3436 | D:4      | Reached skill level 5 in Fighting
  3436 | D:4      | Reached skill level 5 in Dodging
  3462 | D:5      | Killed Cancer's ghost
  3595 | D:6      | Found a snail-covered altar of Cheibriados.
  3601 | D:6      | Found a hide-covered altar of Uskayaw.
  3688 | D:6      | Reached skill level 9 in Maces & Flails
  3874 | D:6      | Found Gaxzat's Weapon Boutique.
  4006 | D:6      | Noticed a cyclops
  4023 | D:6      | Killed a cyclops
  4621 | D:7      | Reached **** piety under Trog
  4699 | D:7      | Reached XP level 10. HP: 98/98 MP: 9/9
  4722 | D:7      | Found Wikha's Antique Weapon Boutique.
  4727 | D:7      | Noticed Pikel
  4749 | D:7      | Killed Pikel
  4750 | D:7      | Reached skill level 10 in Maces & Flails
  4843 | D:7      | Noticed Joseph
  4856 | D:7      | Killed Joseph
  4909 | D:7      | Found an ornate altar of the Wu Jian Council.
  5493 | D:7      | Found a staircase to the Ecumenical Temple.
  5516 | Temple   | Entered the Ecumenical Temple
  6163 | D:8      | Reached skill level 1 in Short Blades
  6163 | D:8      | Reached skill level 1 in Long Blades
  6163 | D:8      | Reached skill level 1 in Axes
  6163 | D:8      | Reached skill level 1 in Polearms
  6163 | D:8      | Reached skill level 1 in Staves
  6163 | D:8      | Reached skill level 1 in Slings
  6163 | D:8      | Reached skill level 1 in Bows
  6163 | D:8      | Reached skill level 1 in Crossbows
  6163 | D:8      | Reached skill level 1 in Armour
  6163 | D:8      | Reached skill level 1 in Shields
  6163 | D:8      | Reached skill level 1 in Unarmed Combat
  6163 | D:8      | Reached skill level 1 in Invocations
  6163 | D:8      | Reached skill level 1 in Evocations
  6163 | D:8      | Reached XP level 11. HP: 107/107 MP: 9/11
  6686 | D:9      | Found Deati's Armour Shop.
  6691 | D:9      | Found Leasch's Armour Shop.
  6741 | D:9      | Reached ***** piety under Trog
  6778 | D:9      | Found a staircase to the Orcish Mines.
  6930 | D:9      | Reached skill level 11 in Maces & Flails
  7154 | D:9      | Noticed a two-headed ogre
  7165 | D:9      | Killed a two-headed ogre
  7621 | D:10     | Entered Level 10 of the Dungeon
  7670 | D:10     | Noticed Nergalle
  7700 | D:10     | Killed Nergalle
  7745 | D:10     | Noticed a two-headed ogre
  7750 | D:10     | Killed a two-headed ogre
  7886 | D:10     | Reached XP level 12. HP: 113/118 MP: 12/12
  8008 | D:10     | Found a staircase to the Lair.
  8037 | D:10     | Found Wetiusma's Magic Scroll Emporium.
  8726 | D:11     | Noticed a seven-headed hydra
  8741 | D:11     | Killed a seven-headed hydra
  8829 | D:11     | Reached skill level 12 in Maces & Flails
  9007 | D:11     | Found Veukoq's Antique Armour Shop.
  9038 | D:11     | Found Forol's Antique Weapon Shoppe.
  9070 | D:11     | Received a gift from Trog
  9404 | D:11     | Found Lyteocy's Book Shop.
 10632 | D:11     | Noticed an eight-headed hydra
 10639 | D:11     | Killed an eight-headed hydra
 10828 | D:11     | Found Gimpayst's General Store.
 10921 | D:11     | Noticed a four-headed hydra
 10929 | D:11     | Killed a four-headed hydra
 11265 | D:12     | Got the Catalogue of Somewhere Else
 11443 | D:12     | Noticed a two-headed ogre
 11446 | D:12     | Killed a two-headed ogre
 11796 | D:12     | Noticed a boulder beetle
 11819 | D:12     | Killed a boulder beetle
 12137 | D:12     | Reached XP level 13. HP: 107/128 MP: 13/13
 12958 | D:12     | Reached skill level 13 in Maces & Flails
 13094 | D:12     | Found Kuil's Assorted Antiques.
 13644 | D:13     | Identified the ring "Leof" {rPois MP+9 Str+2}
 14391 | D:13     | Found a sacrificial altar of Ru.
 14414 | D:13     | Reached skill level 5 in Throwing
 14571 | D:13     | Noticed Frances
 14591 | D:13     | Slain by Frances

Illustrated notes

Levels and vault maps discovered:
D:1:      erik_arrival_blinker_ship, layout_basic, st_stairs_1,
          serial_bayou_crossing
D:2:      minmay_door_path, layout_basic, ebering_ecumenical_altar_mist
D:3:      layout_rooms, mainiacjoe_overflow_tiny_flanked,
          hangedman_decor_diamond_cutter, uniq_robin, uniq_sigmund
D:4:      layout_rooms, uniq_blork_the_orc
D:5:      layout_rooms, mainiacjoe_overflow_six_doors_small, minitemple,
          ebering_ghost_gozag
D:6:      layout_loops_ring, mainiacjoe_overflow_large_starburst, serial_shops,
          nicolae_square_shop, minmay_microvault
D:7:      layout_loops_ring, nicolae_wu_jian_wuxing_cycle,
          minmay_temple_entry_offerings, serial_shops, nicolae_diamond_shop,
          minmay_manual_moon, uniq_pikel, uniq_joseph
D:8:      layout_basic
D:9:      layout_roguey, orc_david_3, serial_shops, shop, st_stairs_13
D:10:     layout_basic, lair_entry_dummy, special_room [special_room_bee],
          serial_shops, nicolae_shop_advertising_works
          [nicolae_subvault_shop_adworks], uniq_nergalle
D:11:     lemuel_flame_loot_2, layout_gridville, serial_shops, shop, shop,
          nicolae_square_shop, nicolae_shop_trees
D:12:     layout_basic, serial_shops, nicolae_lakefront_shop
D:13:     layout_roguey, hangedman_vaults_entry_quadrant_bands,
          nicolae_ru_awakened_eye, uniq_frances
Temple:   eino_narrow_crystal_temple

Skill      XL: |  1  2  3  4  5  6  7  8  9 10 11 12 13 |
---------------+----------------------------------------+-----
Maces & Flails | 3 4 5 6 8 9 10 11 12 13 | 13.4
Dodging        | 3 4 6 7 8 9 |  9.1
Fighting       | 3 4 6 7 8 9 |  9.4
Stealth        | 1 2 3 |  3.3
Throwing       | 1 3 4 5 |  5.0
Short Blades   | 1 |  1.3
Long Blades    | 1 |  1.8
Axes           | 1 |  1.3
Polearms       | 1 |  1.3
Staves         | 1 |  1.3
Slings         | 1 |  1.1
Bows           | 1 |  1.4
Crossbows      | 1 |  1.8
Armour         | 1 3 |  3.4
Shields        | 1 |  1.3
Unarmed Combat | 1 |  1.7
Invocations    | 1 |  1.5
Evocations     | 1 |  1.2

Action                   |  1- 3 |  4- 6 |  7- 9 | 10-12 | 13-15 || total
-------------------------+-------+-------+-------+-------+-------++-------
Melee: Mace              |   122 |    83 |   171 |   662 |   297 ||  1335
       Punch             |     3 |     1 |     2 |    16 |     6 ||    28
 Fire: Shortbow          |       |       |       |     6 |       ||     6
Throw: Boomerang         |       |     4 |     2 |     8 |       ||    14
       Large rock        |       |       |       |    39 |    11 ||    50
       Dart              |       |       |       |     1 |       ||     1
Invok: Berserk           |       |     1 |       |     6 |     4 ||    11
  Use: Scroll            |       |    12 |     3 |     7 |     1 ||    23
       Potion            |       |       |       |     5 |       ||     5
 Stab: Sleeping          |       |     1 |       |     2 |       ||     3
       Distracted        |       |       |       |     1 |     1 ||     2
Armor: Animal skin       |    76 |    27 |       |       |       ||   103
       Robe              |       |    11 |    70 |   273 |     4 ||   358
       Troll leather arm |       |       |       |       |    86 ||    86
Dodge: Dodged            |    98 |    54 |   121 |   455 |   159 ||   887

Table legend: (Time is in decaauts)
 A = Elapsed time spent in this place.
 B = Non-inter-level travel time spent in this place.
 C = Inter-level travel time spent in this place.
 D = Time resting spent in this place.
 E = Time spent auto-exploring this place.
 F = Levels seen in this place.
 G = Mean time per level.
                   A        B        C        D        E       F      G
               +--------+--------+--------+--------+--------+-----+--------+
         Total |  14591 |  14312 |    279 |    904 |   4632 |  14 | 1042.2 |
       Dungeon |  14397 |  14131 |    266 |    904 |   4463 |  13 | 1107.5 |
        Temple |    193 |    180 |     13 |      0 |    169 |   1 |  193.0 |
               +--------+--------+--------+--------+--------+-----+--------+

Top non-repeatable levels by time:
    D:11: 2337 daAuts
    D:12: 1890 daAuts
    D:10: 1618 daAuts
     D:7: 1085 daAuts
    D:13: 1066 daAuts
     D:6: 995 daAuts
     D:9: 980 daAuts
     D:2: 908 daAuts
     D:5: 781 daAuts
     D:8: 776 daAuts
     D:1: 691 daAuts
     D:3: 659 daAuts
     D:4: 605 daAuts
  Temple: 193 daAuts
